 Dungeon Crawl Stone Soup version 0.31-a0-662-g684573625c (webtiles) character file.

Game seed: 2906923029567709500

81 Maratek the Trooper (level 4, -1/35 HPs)
             Began as a Demonspawn Fighter on Sept 1, 2023.
             Was a Follower of Trog.
             Slain by a gnoll
             ... wielding a +2 heavy spear
              (4 damage)
             ... on level 3 of the Dungeon.
             The game lasted 00:02:27 (2151 turns).

Maratek the Trooper (Demonspawn Fighter)            Turns: 2151, Time: 00:02:28

Health: -1/35      AC:  6    Str: 18    XL:     4   Next: 20%
Magic:  4/4        EV:  9    Int:  9    God:    Trog [*.....]
Gold:   174        SH:  4    Dex: 13    Spells: 3/3 levels left

rFire   . . .        a - +0 war axe
rCold   . . .        c - +0 buckler
rNeg    . . .        b - +0 scale mail
rPois   .            (no helmet)
rElec   .            (no cloak)
rCorr   .            (no gloves)
SInv    .            (no boots)
Will    .....        (no amulet) Stlth
                     (no ring)
HPRegen 0.25/turn    (no ring)
MPRegen 0.18/turn

%: no passive effects
@: no status effects
A: demonic guardian 1, magic regeneration, weakness stinger 1
a: Renounce Religion, Berserk


You were on level 3 of the Dungeon.
You worshipped Trog.
Trog was aware of your devotion.
You visited 1 branch of the dungeon, and saw 3 of its levels.

You collected 174 gold pieces.

Inventory:

Hand Weapons
 a - a +0 war axe (weapon)
Armour
 b - a +0 scale mail (worn)
 c - a +0 buckler (worn)
Scrolls
 f - a scroll of enchant armour {unknown}
 g - 2 scrolls of noise {unknown}
 k - 2 scrolls of vulnerability {unknown}
 m - 3 scrolls of identify {unknown}
 n - a scroll of torment {unknown}
 o - a scroll of teleportation {unknown}
Potions
 d - a potion of might
 e - 2 potions of degeneration {unknown}
 h - a potion of cancellation {unknown}
 i - 3 potions of curing {unknown}
 j - a potion of enlightenment {unknown}
 l - a potion of lignification {unknown}
 p - a potion of resistance {unknown}
 q - a potion of invisibility {unknown}


   Skills:
 + Level 3.3 Fighting
 + Level 3.0 Axes
 + Level 3.2 Armour
 + Level 0.4 Dodging
 + Level 0.1 Stealth
 + Level 2.9 Shields


You had 3 spell levels left.
You didn't know any spells.
Your spell library contained the following spells:

 Spells                   Type           Power      Damage    Failure   Level
 Animate Dead             Necr           0%         N/A       100%        4
 Haunt                    Necr/Summ      0%         N/A       100%        7
 Infestation              Necr           0%         N/A       100%        8


Dungeon Overview and Level Annotations

Branches:
Dungeon (3/15)

Altars:
Qazlal
Trog

Annotations:
D:3 1 runed translucent door, WhatIsLove's ghost, amateur HOMo


Innate Abilities, Weirdness & Mutations

A weak demonic guardian rushes to your aid.
You regenerate magic rapidly.
You have a small tail.


Message History

You slash the giant cockroach!
You kill the giant cockroach!
Trog accepts your kill.
No target in view!
No target in view!
WhatIsLove's ghost turns its malevolent gaze towards you.
A gnoll comes into view. It is wielding a +0 halberd.
You see here a giant cockroach corpse.
A gnoll is nearby!
A gnoll is nearby!
A gnoll comes into view. It is wielding a +0 flail.
The gnoll shouts!
The gnoll hits you with a +0 halberd.
You closely miss the gnoll. The gnoll hits you with a +0 halberd!
A gnoll comes into view. It is wielding a +2 heavy spear.
The gnoll closely misses you.
The gnoll shouts!
You slash the gnoll!
You kill the gnoll!
Trog accepts your kill.
Your Axes skill increases to level 3!
You hit the gnoll but do no damage. You block the gnoll's attack.
You hit the gnoll.
The gnoll is moderately wounded.
The gnoll hits you from afar with a +2 heavy spear!
The gnoll hits you with a +0 flail!
* * * LOW HITPOINT WARNING * * *
You are too injured to fight recklessly!
You are too injured to fight recklessly!
You are too injured to fight recklessly!
You hit the gnoll.
The gnoll is severely wounded.
The gnoll hits you but does no damage.
The gnoll hits you from afar with a +2 heavy spear.
* * * LOW HITPOINT WARNING * * *
A demonic guardian appears!
You block the gnoll's attack.
You hit the gnoll.
The gnoll is almost dead.
The gnoll hits you from afar with a +2 heavy spear.
You die...

#....#<#..###..#.
.########.# ####.#.#...#
..........#.[.#..##.##..
..........#.~.##...#.#..
.~~~~.[...#.~.#.#..##)##
.~~~~⌠....#.~.##.#...#)#
.~~~~.....#W~.#.#)#..##.
..........##+###.#.#...#
.....g.@......#.#)#.#..#
.......g5..†...#.#.#...#
...........#.##.#.#..##.
...........#...#.#...#.#
...........####.#..##.##
...........# #.#...#.#..
...........# ##..##.##..
...........# #.#.#[#....
..........# #...###....


You could see 2 gnolls and a friendly quasit (summoned).

Vanquished Creatures
  An adder (D:3)
  A gnoll (D:3)
  An orc (D:3)
  2 ball pythons
  6 endoplasms
  3 giant cockroaches
  A goblin (D:1)
  5 hobgoblins
  10 jackals
  4 quokkas
  5 bats
  3 frilled lizards
  9 kobolds
  5 rats
56 creatures vanquished.

Notes
Turn   | Place    | Note
-------+----------+-------------------------------------------
     0 | D:1      | Maratek the Demonspawn Fighter began the quest for the Orb.
     0 | D:1      | Reached XP level 1. HP: 18/18 MP: 1/1
    34 | D:1      | Gained mutation: A weak demonic guardian rushes to your
                  | aid. [demonic ancestry]
    34 | D:1      | Reached XP level 2. HP: 21/24 MP: 2/2
   735 | D:2      | Gained mutation: You regenerate magic rapidly. [demonic
                  | ancestry]
   735 | D:2      | Reached XP level 3. HP: 29/29 MP: 3/3
   737 | D:2      | Found a stormy altar of Qazlal.
   931 | D:2      | Found a faded altar of an unknown god.
   979 | D:2      | Prayed at the altar of an unknown god.
   979 | D:2      | Became a worshipper of Trog the Wrathful
   979 | D:2      | Reached * piety under Trog
  2058 | D:3      | Gained mutation: You have a small tail. [demonic ancestry]
  2058 | D:3      | Reached XP level 4. HP: 35/35 MP: 4/4
  2134 | D:3      | Found a runed translucent door.
  2140 | D:3      | Noticed WhatIsLove's ghost (amateur HOMo)
  2151 | D:3      | Slain by a gnoll

Illustrated notes

Levels and vault maps discovered:
D:1:      lightli_arrival_statuegarden, layout_basic
D:2:      layout_loops_corners, basic_altar,
          shapermc_ecumenical_altar_totnotflames
D:3:      layout_basic, xom_confusion_cloud, ebering_ghost_reflecting_pool,
          serial_park_tiny_pond, minmay_vboxes

Skill      XL: |  1  2  3  4 |
---------------+-------------+-----
Axes           | 2 3 |  3.0
Armour         | 3 |  3.2
Fighting       | |  3.3
Dodging        | |  0.4
Stealth        | |  0.1
Shields        | |  2.9

Action                     |  1- 3 |  4- 6 || total
---------------------------+-------+-------++-------
  Melee: War axe           |   153 |    19 ||   172
         Tailslap          |       |     2 ||     2
 Armour: Scale mail        |   121 |    15 ||   136
  Dodge: Dodged            |    89 |     6 ||    95
  Block: Buckler           |    38 |     7 ||    45

Table legend: (Time is in decaauts)
 A = Elapsed time spent in this place.
 B = Non-inter-level travel time spent in this place.
 C = Inter-level travel time spent in this place.
 D = Time resting spent in this place.
 E = Time spent auto-exploring this place.
 F = Levels seen in this place.
 G = Mean time per level.
                   A        B        C        D        E       F      G
               +--------+--------+--------+--------+--------+-----+--------+
         Total |   2221 |   2190 |     31 |    298 |   1454 |   3 |  740.3 |
       Dungeon |   2221 |   2190 |     31 |    298 |   1454 |   3 |  740.3 |
               +--------+--------+--------+--------+--------+-----+--------+

Top non-repeatable levels by time:
     D:2: 1010 daAuts
     D:1: 717 daAuts
     D:3: 493 daAuts
